 Dungeon Crawl Stone Soup version 0.31.0-11-ge490571c62 (webtiles) character file.

Game seed: 15540335603634472284

339 Curundu the Chopper (level 6, 0/55 HPs)
             Began as a Minotaur Berserker on Feb 1, 2024.
             Was a Believer of Trog.
             Slain by a gnoll
             ... wielding a +0 spear
             ... led by a gnoll sergeant
              (5 damage)
             ... on level 4 of the Dungeon.
             The game lasted 00:05:59 (2547 turns).

Curundu the Chopper (Minotaur Berserker)            Turns: 2547, Time: 00:06:00

Health: 0/55       AC:  6    Str: 24    XL:     6   Next: 29%
Magic:  5/5        EV: 11    Int:  4    God:    Trog [**....]
Gold:   162        SH:  0    Dex:  9    Spells: 5/5 levels left

rFire   . . .        a - +0 hand axe
rCold   . . .        (no shield)
rNeg    . . .        e - +0 ring mail
rPois   .            (helmet restricted)
rElec   .            (no cloak)
rCorr   .            (no gloves)
SInv    .            (no boots)
Will    .....        (no amulet) Stlth
                     (no ring)
HPRegen 0.29/turn    (no ring)
MPRegen 0.09/turn

%: no passive effects
@: no status effects
A: horns 2, retaliatory headbutt
a: Renounce Religion, Berserk, Trog's Hand


You were on level 4 of the Dungeon.
You worshipped Trog.
Trog was pleased with you.
You visited 1 branch of the dungeon, and saw 4 of its levels.

You collected 162 gold pieces.

Inventory:

Hand Weapons
 a - a +0 hand axe (weapon)
Armour
 e - a +0 ring mail (worn)
Wands
 q - a wand of mindburst (12)
Scrolls
 b - 3 scrolls of revelation {unknown}
 c - a scroll of silence {unknown}
 d - 2 scrolls of poison {unknown}
 g - 4 scrolls of teleportation {unknown}
 h - 4 scrolls of immolation
 i - 3 scrolls of identify {unknown}
 j - a scroll of enchant armour {unknown}
 l - a scroll of noise {unknown}
 m - a scroll of vulnerability {unknown}
 n - 2 scrolls of blinking {unknown}
Potions
 f - a potion of invisibility {unknown}
 k - 2 potions of mutation {unknown}
 o - 3 potions of curing {unknown}
 p - a potion of might {unknown}


   Skills:
 + Level 4.8 Fighting
 + Level 6.0 Axes
 + Level 4.6 Armour
 + Level 3.6 Dodging
 + Level 0.1 Stealth


You had 5 spell levels left.
You didn't know any spells.
Your spell library was empty.

Dungeon Overview and Level Annotations

Branches:
Dungeon (4/15)
 Temple: D:4-7

Altars:


Innate Abilities, Weirdness & Mutations

You have a pair of horns on your head.
You reflexively headbutt those who attack you in melee.


Message History

The black bear claws you.
You barely miss the black bear. You headbutt the black bear!
You kill the black bear!
Trog accepts your kill.
Your Axes skill increases to level 6!
You have reached level 6!
HP restored.
A gnoll comes into view. It is wielding a +0 spear.
The gnoll shouts!
A gnoll comes into view. It is wielding a +0 flail.
The gnoll shouts!
A giant cockroach comes into view.
A gnoll sergeant comes into view. It is wielding a +2 trident of flaming.
A gnoll comes into view. It is wielding a +0 flail.
The gnoll sergeant shouts!
The gnoll shouts!
A gnoll comes into view. It is wielding a +0 spear.
The gnoll closely misses you. The gnoll barely misses you.
You slash the gnoll! Your headbutt misses the gnoll.
The gnoll is severely wounded.
You hit the giant cockroach. You hit the gnoll.
The giant cockroach barely misses you. The gnoll misses you.
The gnoll sergeant hits you from afar with a +2 trident of flaming!
The gnoll sergeant burns you. The gnoll hits you with a +0 spear!
You hit the gnoll but do no damage.
The gnoll is severely wounded.
You barely miss the gnoll. You closely miss the giant cockroach.
The giant cockroach closely misses you. The gnoll barely misses you.
The gnoll sergeant hits you from afar with a +2 trident of flaming!
The gnoll sergeant burns you. The gnoll barely misses you.
The giant cockroach closely misses you. The gnoll hits you with a +0 flail!
* * * LOW HITPOINT WARNING * * *
The giant cockroach barely misses you. You furiously retaliate!
You headbutt the giant cockroach!
You kill the giant cockroach!
Trog accepts your kill. The gnoll sergeant closely misses you.
The gnoll hits you with a +0 spear.
* * * LOW HITPOINT WARNING * * *
The gnoll hits you with a +0 spear.
You die...

.... ........+
........#
........###########
..................#
.........$........#
..................#
......gg..........#
......g@..........#
.......†g.........#
........g.........#
..................#
..................#####
....####+#####+##.....#
.... #.....# ...
#.....# #.....+


You could see a gnoll sergeant and 4 gnolls.

Vanquished Creatures
  A black bear (D:4)
  A vampire bat (D:3)
  Robin (D:2)
  4 adders
  A white imp (D:3)
  A dart slug (D:1)
  3 fire bats (D:3)
  2 spectral bats (D:3)
  14 bats
  3 bat skeletons (D:3)
  A bat zombie (D:3)
  4 endoplasms
  A giant cockroach (D:4)
  8 goblins
  11 hobgoblins
  3 jackals (D:2)
  10 kobolds
  A quokka (D:2)
  8 ball pythons
  A bat simulacrum (D:3)
  7 frilled lizards
  A rat (D:1)
87 creatures vanquished.

Notes
Turn   | Place    | Note
-------+----------+-------------------------------------------
     0 | D:1      | Curundu the Minotaur Berserker began the quest for the Orb.
     0 | D:1      | Reached XP level 1. HP: 19/19 MP: 0/0
    95 | D:1      | Reached XP level 2. HP: 27/27 MP: 1/1
   126 | D:1      | Reached skill level 4 in Axes
   135 | D:1      | Found a faded altar of an unknown god.
   367 | D:1      | Reached XP level 3. HP: 33/33 MP: 2/2
   936 | D:2      | Noticed Robin
   940 | D:2      | Reached ** piety under Trog
   957 | D:2      | Killed Robin
  1054 | D:2      | Reached XP level 4. HP: 28/41 MP: 3/3
  1569 | D:2      | Reached skill level 5 in Axes
  2109 | D:3      | Reached XP level 5. HP: 37/47 MP: 4/4
  2402 | D:4      | Noticed a black bear
  2418 | D:4      | Killed a black bear
  2419 | D:4      | Reached skill level 6 in Axes
  2419 | D:4      | Reached XP level 6. HP: 24/55 MP: 5/5
  2547 | D:4      | Slain by a gnoll

Illustrated notes

Levels and vault maps discovered:
D:1:      roderic_chinese_lattice_arrival, layout_basic,
          hellmonk_ecumenical_altar_blasted, chequers_serial_rivers_micro_c
D:2:      layout_loops_ring, minmay_crystal_water, minmay_increasing_density,
          uniq_robin
D:3:      layout_rooms, goddamned_bats
D:4:      layout_gridville, minmay_temple_entry_mist, uniq_pikel

Skill      XL: |  1  2  3  4  5 |
---------------+----------------+-----
Fighting       | 4 |  4.8
Axes           | 4 5 6 |  6.0
Armour         | 3 4 |  4.6
Dodging        | 3 |  3.6
Stealth        | |  0.1

Action                     |  1- 3 |  4- 6 || total
---------------------------+-------+-------++-------
  Melee: Hand axe          |    83 |    95 ||   178
         Headbutt          |     8 |    17 ||    25
         Punch             |       |     1 ||     1
 Invoke: Berserk           |     1 |       ||     1
         Trog's Hand       |     1 |       ||     1
 Armour: Ring mail         |    63 |   108 ||   171
  Dodge: Dodged            |    59 |    99 ||   158
